Map: Heavy Artillery LE

Players

qqq

  • Race: Zerg Zerg
  • Spawn Location: 1:00

Massa

  • Race: Terran Terran
  • League: Platinum
  • Spawn Location: 3:00

Daxaka - Winner!

  • Race: Protoss Protoss
  • Spawn Location: 7:00

MIF - Winner!

  • Race: Protoss Protoss
  • Spawn Location: 7:00

VOD

Have the link to the VOD?

Description

Time

  • Played on: Feb. 13, 2021, 7:03 a.m.
  • Length: 22:38
Show
View Real Time Build Order
Export as new Build Order

qqq Zerg 

Build Orders: Hatch First, Lurkers 

Get SALT Encoding   

  12  0:12  Drone x2  
  14  0:25  Overlord  
  14  0:45  Hatchery  
  13  0:56  Drone x2  
  15  0:57  Drone  
  16  1:12  Drone  
  17  1:35  Extractor, Spawning Pool  
  15  1:44  Drone  
  15  1:45  Drone x2  
  19  2:01  Drone  
  19  2:02  Drone  
  20  2:09  Drone  
  20  2:10  Drone  
  22  2:21  Queen  
  22  2:22  Queen  
  26  2:23  Drone  
  26  2:25  Overlord  
  27  2:32  Drone  
  27  2:36  Metabolic Boost  
  28  2:42  Evolution Chamber  
  28  2:44  Drone  
  28  2:45  Drone  
  28  2:50  Overlord  
  29  2:52  Drone  
  29  2:56  Zergling x2  
  31  3:02  Zergling x2  
  31  3:13  Zerg Melee Weapons Level 1  
  31  3:14  Zergling x2  
  31  3:15  Overlord  
  31  3:17  Zergling x2  
  33  3:22  Zergling x2  
  33  3:25  Zergling x2  
  35  3:31  Overlord  
  35  3:32  Zergling x2  
  35  3:33  Zergling x2  
  37  3:35  Zergling x2  
  37  3:36  Drone, Zergling x2  
  37  3:38  Zergling x2  
  41  3:44  Zergling x2  
  41  3:45  Zergling x2  
  43  3:53  Zergling x2  
  44  4:04  Zergling x4  
  44  4:05  Hatchery, Zergling x2  
  44  4:07  Drone  
  47  4:10  Zergling x2  
  47  4:12  Zergling x2  
  47  4:15  Zergling x2  
  51  4:17  Zergling x2  
  51  4:31  Zergling x4  
  53  4:32  Zergling x2  
  49  4:49  Zergling x6  
  49  4:50  Drone, Zergling x4  
  52  4:54  Zergling x2  
  48  5:02  Zergling x2  
  48  5:03  Zergling x2  
  48  5:08  Zerg Ground Armor Level 1  
  46  5:14  Zergling x2  
  46  5:20  Zergling x4  
  45  5:25  Zergling x2  
  45  5:26  Zergling x2  
  46  5:31  Zergling x2  
  47  5:37  Spore Crawler  
  47  5:41  Zergling x2  
  45  5:47  Zergling x2  
  41  5:55  Zergling x6  
  41  5:56  Drone x2, Zergling x8  
  41  5:57  Zergling x2  
  47  6:10  Lair  
  47  6:12  Drone  
  47  6:14  Drone x2, Extractor  
  47  6:18  Drone x3  
  51  6:19  Spore Crawler  
  51  6:21  Spore Crawler  
  51  6:22  Queen  
  51  6:24  Drone  
  53  6:28  Drone  
  53  6:30  Hatchery  
  53  6:31  Drone  
  53  6:32  Drone  
  55  6:35  Drone  
  55  6:37  Extractor, Drone  
  55  6:39  Drone  
  53  6:54  Zergling x6  
  53  6:55  Drone, Zergling x2  
  53  6:56  Drone x4  
  53  7:01  Overlord  
  61  7:02  Overlord  
  59  7:18  Overlord x2  
  59  7:22  Zerg Missile Weapons Level 1  
  59  7:28  Extractor  
  58  7:31  Drone x6  
  58  7:32  Hydralisk Den  
  58  7:34  Overlord  
  63  7:40  Overlord  
  63  7:44  Drone x2  
  63  7:45  Drone  
  65  7:52  Zergling x6  
  65  7:53  Drone x3  
  65  7:55  Queen  
  65  7:57  Extractor  
  72  7:59  Extractor  
  72  8:05  Drone x5  
  76  8:06  Hydralisk  
  76  8:08  Muscular Augments  
  78  8:17  Spore Crawler  
  78  8:19  Zergling x2  
  79  8:20  Hydralisk, Zergling x4  
  79  8:21  Drone  
  78  8:32  Hydralisk  
  74  8:38  Lurker Den  
  73  8:44  Drone x6  
  73  8:45  Drone x4  
  83  8:49  Spine Crawler  
  83  8:50  Drone, Spine Crawler, Spore Crawler  
  81  8:56  Queen  
  81  9:00  Drone x3  
  86  9:07  Drone  
  86  9:08  Drone  
  86  9:09  Drone x2  
  90  9:20  Grooved Spines  
  86  9:24  Evolution Chamber  
  86  9:28  Extractor  
  80  9:32  Extractor  
  80  9:37  Hydralisk x4  
  80  9:38  Hydralisk x4  
  87  9:40  Drone  
  87  9:44  Hatchery  
  93  9:59  Drone x3  
  96  10:00  Hydralisk x2  
  96  10:01  Hydralisk x3  
  96  10:02  Hydralisk, Overlord x2  
  96  10:06  Lurker x3  
  112  10:07  Lurker  
  112  10:15  Overlord  
  112  10:16  Overlord  
  112  10:17  Infestation Pit  
  112  10:18  Zerg Missile Weapons Level 2  
  111  10:23  Zerg Ground Armor Level 2  
  111  10:24  Drone  
  112  10:31  Lurker  
  112  10:32  Lurker x5  
  112  10:33  Lurker  
  112  10:34  Lurker  
  120  10:36  Drone  
  120  10:37  Drone  
  122  10:48  Drone  
  123  10:51  Hydralisk x4  
  123  10:54  Drone  
  132  10:57  Hydralisk  
  132  10:58  Hydralisk x3  
  132  11:02  Hive  
  140  11:10  Pathogen Glands, Infestor  
  142  11:16  Hydralisk  
  142  11:17  Hydralisk x2  
  148  11:19  Drone x2  
  148  11:23  Overlord x3  
  150  11:35  Overseer x2  
  150  11:36  Pneumatized Carapace  
  150  11:39  Spine Crawler  
  149  11:40  Spore Crawler  
  149  11:46  Drone x5  
  149  11:47  Drone, Hydralisk x3  
  154  11:48  Hydralisk x2  
  154  11:52  Infestor  
  154  11:53  Infestor  
  168  12:06  Drone x2  
  152  12:31  Hatchery  
  152  12:32  Hydralisk x4  
  152  12:33  Hydralisk x5  
  137  12:44  Hydralisk x2  
  137  12:45  Hydralisk  
  141  12:55  Hydralisk x2  
  141  12:56  Hydralisk  
  141  12:57  Hydralisk  
  141  12:58  Hydralisk x5  
  143  13:03  Zerg Ground Armor Level 3  
  143  13:05  Zerg Missile Weapons Level 3  
  151  13:19  Drone x2  
  153  13:20  Ultralisk Cavern  
  153  13:23  Drone  
  153  13:24  Drone  
  153  13:25  Hydralisk x2  
  153  13:26  Hydralisk x4  
  166  13:38  Drone x2  
  168  13:49  Drone x3  
  165  14:11  Hydralisk  
  165  14:12  Hydralisk x6  
  179  14:18  Hatchery  
  179  14:22  Infestor x2  
  178  14:24  Drone x2  
  178  14:26  Hatchery  
  177  14:35  Drone  
  164  14:39  Overlord x3  
  164  14:40  Overlord x3  
  164  14:57  Drone  
  164  14:58  Drone x2  
  167  15:01  Extractor x2, Ultralisk  
  167  15:02  Ultralisk x2  
  167  15:05  Anabolic Synthesis  
  167  15:06  Seismic Spines  
  183  15:12  Lurker x3  
  183  15:13  Drone x2  
  183  15:14  Drone x5  
  191  15:15  Zergling x12  
  199  15:27  Spine Crawler x2, Spore Crawler  
  199  15:28  Drone x2  
  198  15:34  Drone x2  
  200  15:40  Zerg Melee Weapons Level 2  
  200  15:47  Chitinous Plating  
  200  16:00  Extractor x2  
  200  16:03  Adaptive Talons  
  199  16:04  Drone x2  
  176  16:38  Ultralisk x6  
  176  16:39  Zergling x2, Ultralisk  
  179  16:40  Zergling x10  
  179  16:41  Zergling x2  
  179  16:42  Zergling x10  
  179  16:43  Zergling x6  
  173  16:55  Zergling x2  
  173  16:56  Zergling x4, Ultralisk  
  173  17:00  Adrenal Glands  
  175  17:05  Ultralisk x2  
  175  17:07  Ultralisk  
  175  17:10  Ultralisk  
  170  17:16  Zergling x8  
  170  17:17  Zergling x10  
  170  17:21  Ultralisk  
  170  17:22  Zergling x10  
  161  17:31  Zergling x4  
  161  17:34  Viper  
  161  17:36  Zergling x4  
  150  17:42  Zergling x4, Ultralisk  
  150  17:43  Zergling x4  
  150  17:44  Zergling x4  
  149  17:47  Extractor x2  
  140  17:53  Drone x3  
  140  17:56  Ultralisk  
  140  17:57  Zergling x10  
  132  18:08  Overlord  
  132  18:09  Overlord x2  
  117  18:20  Ultralisk x3  
  117  18:21  Zergling x2  
  117  18:24  Zergling x8  
  117  18:25  Drone x5  
  113  18:37  Hatchery  
  113  18:38  Ultralisk  
  115  18:43  Ultralisk Cavern  
  114  18:53  Zergling x8, Ultralisk  
  114  18:54  Zergling x8  
  114  18:55  Zergling x8  
  125  18:59  Drone  
  125  19:00  Zergling x6  
  123  19:08  Zergling x6  
  123  19:09  Drone x2, Zergling x2  
  117  19:13  Spawning Pool  
  112  19:19  Zergling x6  
  112  19:21  Drone x3  
  102  19:32  Ultralisk x2  
  102  19:33  Zergling x2  
  118  19:39  Ultralisk  
  118  19:40  Zergling x6  
  109  19:54  Ultralisk  
  109  19:55  Ultralisk  
  109  19:56  Drone x3  
  109  19:57  Drone x2  
  102  20:16  Zergling x8  
  102  20:20  Zergling x4  
  111  20:21  Overlord x2  
  111  20:22  Overlord  
  111  20:23  Overlord x3  
  107  20:29  Overlord  
  107  20:30  Overlord x3  
  64  20:54  Ultralisk x2  
  60  21:11  Ultralisk x2  
  60  21:13  Ultralisk  
  60  21:17  Zergling x4  
  80  21:24  Drone x5  
  80  21:25  Drone x4  
  86  21:28  Extractor  
  86  21:32  Spine Crawler x2, Ultralisk  
  96  21:33  Ultralisk  
  96  21:34  Drone  
  96  21:43  Drone x4  
  83  22:03  Drone x6  
  83  22:04  Drone x3  
  90  22:14  Drone x3  
  91  22:25  Drone x2  
Show
View Real Time Build Order
Export as new Build Order

Massa Terran 

Build Orders:  

Get SALT Encoding   

  12  0:00  SCV  
  13  0:12  SCV  
  14  0:25  SCV, Supply Depot  
  15  0:47  SCV  
  15  0:48  Barracks  
  16  0:52  Refinery  
  16  0:59  SCV  
  17  1:11  SCV  
  18  1:35  Orbital Command  
  18  1:46  Command Center  
  18  1:52  Barracks Reactor  
  18  2:00  SCV  
  18  2:01  Supply Depot  
  19  2:13  SCV  
  19  2:14  Factory  
  20  2:25  SCV  
  20  2:28  Marine  
  20  2:29  Marine  
  23  2:38  SCV  
  23  2:39  Refinery  
  24  2:47  Reaper, Marine  
  24  2:50  SCV  
  27  2:54  Supply Depot  
  27  2:59  Engineering Bay  
  27  3:04  Marine  
  29  3:08  Orbital Command  
  28  3:18  Marine  
  29  3:22  Starport, Marine  
  29  3:25  Hellion  
  32  3:36  Marine, Missile Turret  
  32  3:37  SCV  
  32  3:40  Marine  
  32  3:41  SCV  
  36  4:05  Barracks Tech Lab, Hellion x2  
  40  4:11  SCV x2  
  40  4:12  Starport Tech Lab  
  42  4:23  SCV x2  
  44  4:30  Banshee  
  47  4:31  Cloaking Field  
  36  5:35  Marine  
  35  5:53  Marine  
  35  5:56  Widow Mine x2  
  38  5:57  Stimpack  
  38  5:59  Banshee  
  41  6:04  SCV x2  
  41  6:08  Missile Turret  
  41  6:10  Marine  
  44  6:16  SCV x2, Supply Depot x2  
  44  6:18  Widow Mine, Supply Depot x2  
  48  6:21  Supply Depot  
  48  6:23  Supply Depot  
  48  6:24  Barracks  
  48  6:25  Barracks  
  48  6:28  SCV x2  
  50  6:40  SCV  
  50  6:42  Banshee  
  50  6:43  Barracks  
  50  6:44  Barracks  
  50  6:47  Marine  
  54  6:49  Widow Mine x2  
  59  6:56  SCV x2  
  59  7:01  Command Center  
  61  7:04  Marine  
  61  7:07  Missile Turret  
  61  7:08  SCV x2  
  64  7:09  Refinery  
  64  7:12  Widow Mine x2  
  64  7:15  Barracks Reactor  
  69  7:20  Barracks Reactor, SCV  
  69  7:22  Marine  
  70  7:31  Medivac  
  72  7:38  Refinery  
  72  7:39  Terran Infantry Weapons Level 1  
  72  7:40  Marine  
  72  7:42  Armory  
  73  7:45  Engineering Bay  
  73  7:48  Missile Turret  
  73  7:55  Barracks Reactor, Barracks Tech Lab  
  73  7:57  Marine x4  
  73  7:58  Marine  
  77  7:59  SCV x2  
  77  8:01  Medivac  
  82  8:11  SCV x2  
  84  8:15  Marine x4  
  84  8:16  Marine  
  89  8:23  SCV x2  
  91  8:31  Marauder, Marine x2  
  91  8:32  Marine  
  91  8:33  Marine x2  
  100  8:34  Marauder  
  100  8:48  Marine  
  92  8:49  Widow Mine x2, Marine x2  
  92  8:53  Marauder  
  102  8:55  Marauder  
  102  8:56  Terran Infantry Armor Level 1  
  102  9:05  SCV x2  
  104  9:10  Widow Mine x2  
  104  9:14  Marauder  
  110  9:17  SCV  
  110  9:18  SCV  
  111  9:29  SCV  
  95  9:32  Marauder, Marine  
  95  9:33  Marine x5  
  95  9:35  Marauder  
  91  9:48  Widow Mine x2  
  91  9:50  Marine x5  
  91  9:51  Marine  
  99  9:53  Marauder  
  99  9:54  Medivac  
  99  9:57  Marauder  
  103  10:02  Factory  
  103  10:05  Barracks, Factory  
  103  10:08  Marine x3  
  103  10:09  Widow Mine, Marine  
  103  10:10  Marine x2  
  103  10:12  Widow Mine  
  113  10:15  Marauder  
  113  10:18  Marauder  
  117  10:22  Missile Turret  
  117  10:23  Planetary Fortress, Missile Turret x2  
  117  10:25  Missile Turret  
  117  10:28  Missile Turret  
  117  10:29  Missile Turret  
  117  10:39  Supply Depot  
  117  10:41  Supply Depot  
  117  10:43  Supply Depot  
  117  10:46  Terran Infantry Weapons Level 2  
  117  11:00  Widow Mine x2, Marine x2, Medivac  
  117  11:02  SCV x2, Marine x2  
  117  11:03  Marauder x2  
  133  11:04  Refinery, SCV, Marine x2  
  136  11:14  SCV x2  
  136  11:15  Terran Infantry Armor Level 2, Command Center  
  136  11:17  SCV  
  136  11:18  Marine  
  140  11:22  Marine  
  141  11:31  Starport  
  141  11:35  Starport  
  141  11:40  Barracks Reactor  
  141  11:41  Factory Tech Lab x2  
  141  11:51  Missile Turret  
  141  11:53  Refinery  
  141  12:24  Marine  
  141  12:27  Marauder, Marine x6, Siege Tank x2  
  141  12:28  Widow Mine x2  
  138  12:32  Marine x2  
  113  12:41  Marine  
  113  12:43  Medivac  
  110  12:44  Marine x3  
  110  12:45  Marauder  
  110  12:49  Widow Mine, Marauder  
  111  12:59  Siege Tank  
  111  13:00  Marine x5  
  111  13:02  Marine x3  
  122  13:06  Marauder  
  122  13:10  Marauder  
  120  13:12  Medivac  
  118  13:23  Combat Shield  
  118  13:24  Concussive Shells  
  118  13:27  Terran Infantry Weapons Level 3  
  118  13:28  Marauder, Terran Vehicle Weapons Level 1  
  118  13:31  Starport Tech Lab, Starport Reactor, Marauder  
  122  13:42  Medivac  
  124  13:49  Marauder  
  124  13:53  Marauder  
  125  14:11  Marauder  
  116  14:24  Siege Tank  
  116  14:25  Widow Mine x2, Siege Tank  
  126  14:34  Marauder x2  
  128  14:41  Marine  
  128  14:42  Marine x2  
  128  14:43  Marine x5  
  128  14:45  Medivac x4  
  144  14:48  Planetary Fortress  
  144  14:50  SCV  
  144  14:51  SCV x2  
  147  14:56  Marauder x2, Siege Tank  
  147  14:59  Marine  
  155  15:00  Marine  
  156  15:09  Supply Depot  
  156  15:12  Supply Depot  
  156  15:15  Missile Turret  
  156  15:16  Missile Turret  
  156  15:31  SCV x3, Viking, Siege Tank  
  156  15:33  Thor, Supply Depot  
  156  15:34  Marauder  
  172  15:36  Supply Depot  
  172  15:37  Missile Turret  
  172  15:39  Missile Turret  
  172  15:46  Command Center  
  172  15:54  Ghost Academy  
  172  15:55  Widow Mine x2, Marauder, Viking  
  180  15:58  Viking x2, Supply Depot  
  180  16:00  Viking, Supply Depot  
  180  16:01  Terran Infantry Armor Level 3  
  180  16:02  Refinery  
  186  16:04  Refinery, Hi-Sec Auto Tracking  
  186  16:06  Terran Vehicle Weapons Level 2  
  184  16:12  Armory  
  184  16:17  Widow Mine x2  
  188  16:20  Marauder  
  188  16:22  Supply Depot  
  188  16:25  Viking, Supply Depot  
  192  16:28  Viking  
  142  16:42  Marauder  
  142  16:43  Marauder, Marine x6  
  142  16:44  Marine x2  
  135  16:47  Supply Depot  
  135  16:53  Supply Depot  
  118  16:57  Thor  
  118  17:01  Marine x5  
  101  17:04  Marauder x2  
  107  17:11  Supply Depot  
  101  17:20  Marine x6  
  102  17:25  Marauder x2  
  85  17:38  Marine x5  
  85  17:41  Liberator  
  85  17:42  Liberator x2, Viking  
  91  17:44  Marine  
  91  17:47  Marauder  
  87  17:59  SCV x4  
  87  18:00  SCV, Factory  
  87  18:01  Factory  
  87  18:02  Factory  
  90  18:06  Marine  
  90  18:07  Marine x5  
  90  18:08  Marauder  
  90  18:11  SCV  
  90  18:12  SCV x2, Viking  
  93  18:13  Barracks  
  93  18:14  Barracks  
  93  18:17  Barracks x2  
  93  18:18  Barracks  
  88  18:24  Viking  
  88  18:25  Marine x4  
  79  18:47  Factory Tech Lab x3  
  69  18:53  Orbital Command  
  69  18:54  SCV x3  
  67  19:00  Marine x2  
  67  19:05  Barracks Tech Lab  
  67  19:06  Barracks Reactor, SCV x2, Barracks Tech Lab  
  67  19:07  Barracks Reactor  
  67  19:09  Barracks Tech Lab  
  60  19:26  SCV x3  
  60  19:31  Marauder x3  
  69  19:35  Siege Tank x3  
  77  19:38  SCV x2  
  77  19:39  SCV  
  77  19:44  Marine x3  
  77  19:45  Barracks, Marine  
  83  19:46  Barracks  
  83  19:50  SCV x2  
  83  19:51  Barracks  
  83  19:52  Marauder x3  
  88  19:54  Barracks  
  88  20:02  Marine x4  
  92  20:13  Orbital Command, Supply Depot x3  
  92  20:14  Supply Depot x2  
  92  20:15  Supply Depot  
  92  20:17  Supply Depot x3  
  92  20:19  Supply Depot  
  92  20:20  Supply Depot  
  80  20:35  Marine  
  80  20:36  Siege Tank x3  
  80  20:38  Marine x3  
  78  20:45  Supply Depot  
  67  20:52  Barracks Reactor, Barracks Tech Lab  
  67  20:53  Marine  
  67  20:54  Barracks Reactor, Barracks Tech Lab  
  67  20:56  Marine  
  62  21:08  Siege Tank x2  
  68  21:14  Supply Depot x2  
  59  21:20  Barracks, Engineering Bay  
  59  21:21  Marine x2  
  59  21:22  Barracks, Factory  
  59  21:24  Factory  
  63  21:26  Widow Mine  
  63  21:39  Marine x2  
  63  21:40  Widow Mine  
  54  21:56  Marine  
  54  21:57  Marine  
  56  22:01  Missile Turret  
  56  22:02  Missile Turret x2  
  56  22:03  Missile Turret  
  54  22:09  Barracks  
  54  22:10  Barracks  
  54  22:11  Barracks x2  
  54  22:14  Marine x2  
  56  22:18  Barracks  
  56  22:22  Barracks  
  56  22:24  Factory Tech Lab x2  
  56  22:28  Barracks  
Show
View Real Time Build Order
Export as new Build Order

Daxaka Protoss - Winner!

Build Orders: 1 Gate Expand 

Get SALT Encoding   

  12  0:00  Probe  
  13  0:12  Probe  
  14  0:19  Pylon  
  14  0:27  Probe  
  15  0:39  Probe (Chrono Boost)  
  15  0:40  Gateway  
  17  0:50  Probe (Chrono Boost), Assimilator  
  17  0:55  Probe (Chrono Boost)  
  18  1:05  Probe  
  19  1:17  Probe  
  20  1:28  Nexus  
  20  1:40  Cybernetics Core  
  20  1:44  Probe  
  21  1:56  Probe  
  21  1:57  Pylon  
  21  2:00  Assimilator  
  22  2:08  Probe  
  23  2:16  Stalker  
  23  2:17  Warp Gate  
  25  2:24  Probe  
  25  2:31  Pylon  
  25  2:36  Probe (Chrono Boost), Forge  
  26  2:42  Probe (Chrono Boost)  
  27  2:48  Probe (Chrono Boost)  
  27  2:50  Adept  
  31  2:52  Probe (Chrono Boost)  
  31  2:54  Probe (Chrono Boost)  
  31  2:57  Probe (Chrono Boost)  
  32  3:04  Probe  
  34  3:08  Probe  
  34  3:09  Shield Battery  
  35  3:14  Pylon  
  35  3:16  Probe  
  36  3:20  Adept  
  38  3:38  Probe x2, Gateway  
  38  3:39  Photon Cannon  
  40  3:45  Photon Cannon  
  40  3:50  Probe x2  
  44  4:00  Protoss Ground Weapons Level 1  
  44  4:02  Probe x2  
  44  4:07  Twilight Council  
  44  4:09  Pylon  
  44  4:11  Sentry  
  44  4:14  Probe x2  
  48  4:18  Pylon  
  48  4:26  Probe  
  48  4:28  Probe  
  50  4:35  Assimilator  
  50  4:39  Gateway, Assimilator  
  50  4:46  Adept  
  50  4:47  Adept  
  54  5:08  Adept x2  
  56  5:25  Gateway  
  54  5:36  Probe x2  
  56  5:48  Probe x2  
  54  5:59  Robotics Facility  
  54  6:00  Probe x2  
  56  6:09  Gateway  
  56  6:12  Probe x2  
  56  6:15  Gateway  
  56  6:16  Photon Cannon, Shield Battery  
  58  6:19  Resonating Glaives (Chrono Boost)  
  58  6:20  Adept x4  
  58  6:21  Protoss Ground Weapons Level 2 (Chrono Boost)  
  58  6:23  Nexus  
  58  6:24  Probe x2  
  68  6:25  Assimilator  
  68  6:30  Assimilator  
  68  6:31  Pylon  
  68  6:36  Probe  
  68  6:37  Pylon  
  61  7:01  Adept x4  
  62  7:07  Probe  
  69  7:08  Observer  
  68  7:21  Probe  
  69  7:23  Adept x2  
  69  7:24  Adept x2  
  81  7:30  Immortal  
  81  7:33  Templar Archives, Nexus  
  81  7:35  Pylon  
  81  7:38  Pylon  
  81  7:41  Probe x2 (Chrono Boost)  
  83  7:50  Photon Cannon  
  83  7:51  Probe x2 (Chrono Boost), Shield Battery  
  85  7:52  Charge  
  85  7:56  Probe x2 (Chrono Boost)  
  85  7:57  Photon Cannon  
  87  7:59  Shield Battery  
  87  8:06  Gateway  
  87  8:11  Observer (Chrono Boost)  
  88  8:14  Probe x2  
  89  8:24  Photon Cannon  
  89  8:26  Probe  
  89  8:29  Probe  
  89  8:31  Photon Cannon  
  89  8:33  Pylon  
  90  8:38  Stalker x2  
  91  8:55  Probe x3  
  94  9:00  Stalker  
  94  9:01  Stalker x2  
  100  9:04  Sentry  
  100  9:07  Probe  
  103  9:10  Shield Battery  
  86  9:48  Adept x5  
  86  9:49  Adept  
  86  9:51  Observer  
  99  9:54  Psionic Storm  
  99  9:55  Photon Cannon  
  99  9:56  Shield Battery  
  99  9:57  Assimilator  
  99  10:02  Probe x2  
  101  10:09  Robotics Bay  
  101  10:12  Observer, Robotics Facility  
  102  10:14  Pylon  
  102  10:16  Probe x3  
  102  10:19  Photon Cannon  
  102  10:20  Shield Battery  
  105  10:22  Pylon  
  106  10:28  Probe x2  
  106  10:29  Pylon  
  107  10:35  Photon Cannon  
  107  10:43  Probe  
  107  10:46  Photon Cannon  
  107  10:48  Photon Cannon, High Templar x2  
  107  10:49  High Templar x4  
  120  10:50  High Templar, Shield Battery  
  120  10:51  Pylon  
  120  10:55  Extended Thermal Lance  
  120  10:56  Pylon  
  122  11:00  Protoss Ground Weapons Level 3 (Chrono Boost)  
  122  11:02  Colossus (Chrono Boost)  
  128  11:15  Colossus (Chrono Boost)  
  134  11:20  Probe  
  135  11:36  Nexus  
  135  11:38  Pylon x2  
  135  11:40  Colossus (Chrono Boost), Shield Battery  
  135  11:41  Pylon  
  141  11:50  Photon Cannon  
  141  11:54  Shield Battery  
  141  11:58  Photon Cannon, Shield Battery  
  141  11:59  Probe  
  141  12:00  Probe  
  143  12:08  Photon Cannon, High Templar x2  
  145  12:09  High Templar  
  145  12:13  High Templar  
  151  12:16  Archon  
  131  12:32  Stalker x3  
  117  12:45  Probe x2  
  117  12:50  Photon Cannon  
  113  12:52  Shield Battery  
  113  12:54  Colossus (Chrono Boost), Shield Battery  
  113  12:56  Shield Battery  
  113  12:58  Observer (Chrono Boost)  
  118  12:59  Photon Cannon  
  118  13:03  Adept x2  
  118  13:04  Pylon, Adept x2  
  125  13:21  High Templar x2  
  125  13:25  Probe  
  130  13:35  Photon Cannon x2  
  130  13:37  Gateway, Shield Battery  
  130  13:42  Probe, Photon Cannon  
  130  13:43  Probe  
  132  13:48  Photon Cannon  
  132  13:51  Shield Battery  
  132  13:52  Pylon  
  132  14:04  Assimilator x2  
  127  14:12  Adept x2  
  127  14:13  Adept x3  
  133  14:22  Probe  
  134  14:27  Photon Cannon  
  134  14:31  Photon Cannon  
  134  14:33  Shield Battery  
  134  14:35  Pylon  
  133  14:41  Colossus x2  
  145  14:45  Probe x2  
  145  14:46  Probe  
  148  15:00  Photon Cannon  
  148  15:01  Photon Cannon  
  148  15:02  Photon Cannon  
  148  15:04  Shield Battery x2  
  148  15:05  Shield Battery  
  148  15:07  Pylon  
  148  15:12  Photon Cannon  
  148  15:14  Photon Cannon, High Templar x4  
  148  15:15  High Templar x3  
  162  15:23  Protoss Shields Level 1 (Chrono Boost)  
  162  15:32  Colossus (Chrono Boost)  
  162  15:34  Immortal (Chrono Boost)  
  162  15:35  Pylon  
  162  15:36  Pylon  
  162  15:41  Archon x2  
  172  15:59  Zealot  
  172  16:00  Zealot x4  
  182  16:05  Observer  
  181  16:19  Observer  
  182  16:26  Warp Prism  
  140  16:40  Warp Prism  
  132  16:53  Stalker  
  132  16:54  Adept x6  
  143  17:01  Warp Prism  
  139  17:16  Warp Prism  
  125  17:31  Stalker x3  
  125  17:32  Stalker x4  
  127  17:37  Immortal  
  131  17:51  Warp Prism  
  133  18:06  Stalker x2, Adept  
  133  18:07  Stalker x4  
  147  18:17  Immortal  
  148  18:45  Stalker x3  
  148  18:46  Stalker x4  
  152  19:15  Immortal x2  
  159  19:26  Photon Cannon  
  159  19:27  Photon Cannon  
  159  19:28  Photon Cannon  
  159  19:29  Photon Cannon  
  159  19:30  Photon Cannon  
  159  19:36  Shield Battery  
  159  19:38  Photon Cannon, Shield Battery  
  155  19:39  Shield Battery  
  155  19:42  Shield Battery  
  155  19:45  Photon Cannon  
  153  19:46  Shield Battery  
  153  19:48  Shield Battery  
  153  19:50  Adept x3  
  153  19:51  Stalker x2  
  150  19:54  Immortal x2  
  143  20:17  Stargate  
  143  20:19  Stargate  
  143  20:20  Stargate  
  141  20:38  Photon Cannon  
  141  21:19  Observer  
  141  21:20  Observer  
  143  21:34  Probe  
  143  21:35  Assimilator  
  143  21:39  Photon Cannon  
  144  21:40  Immortal  
  144  21:41  Shield Battery, Immortal  
  144  21:44  Gateway  
  152  21:47  Pylon, Shield Battery  
  149  22:08  Photon Cannon, Gateway  
  149  22:14  Pylon  
  149  22:22  High Templar x7  
  161  22:27  Archon x3  
Show
View Real Time Build Order
Export as new Build Order

MIF Protoss - Winner!

Build Orders: Phoenix Opening 

Get SALT Encoding   

  12  0:02  Probe  
  13  0:14  Probe  
  14  0:26  Probe  
  15  0:36  Pylon  
  15  0:54  Probe  
  16  1:06  Probe  
  17  1:14  Nexus  
  17  1:19  Probe  
  18  1:27  Gateway  
  18  1:31  Probe  
  19  1:35  Assimilator  
  19  1:41  Pylon  
  19  1:43  Probe  
  20  1:55  Probe  
  21  2:07  Probe  
  22  2:17  Cybernetics Core  
  22  2:19  Probe  
  22  2:22  Assimilator  
  23  2:31  Probe (Chrono Boost)  
  25  2:42  Probe (Chrono Boost)  
  25  2:43  Probe (Chrono Boost)  
  26  2:57  Stargate  
  26  3:01  Probe  
  26  3:02  Shield Battery, Warp Gate  
  27  3:12  Adept (Chrono Boost)  
  29  3:17  Probe x2  
  31  3:26  Nexus  
  31  3:28  Pylon  
  31  3:29  Probe  
  32  3:35  Probe  
  32  3:39  Stalker (Chrono Boost)  
  32  3:40  Phoenix  
  32  3:41  Probe  
  38  3:47  Probe  
  39  3:48  Gateway  
  39  3:53  Probe  
  40  3:56  Assimilator  
  40  3:59  Probe  
  41  4:05  Probe  
  41  4:07  Stargate  
  41  4:09  Shield Battery  
  42  4:11  Probe  
  43  4:17  Probe  
  43  4:19  Pylon  
  43  4:23  Probe  
  45  4:32  Phoenix  
  47  4:44  Void Ray  
  46  4:53  Adept  
  42  5:18  Probe, Void Ray  
  47  5:36  Probe  
  47  5:45  Pylon  
  47  5:48  Probe x2  
  49  6:14  Nexus  
  49  6:15  Probe  
  50  6:19  Assimilator  
  50  6:21  Shield Battery  
  50  6:25  Phoenix  
  52  6:26  Phoenix  
  52  6:27  Shield Battery  
  54  6:36  Pylon  
  54  6:54  Probe x2  
  56  7:19  Robotics Facility  
  56  7:20  Probe (Chrono Boost)  
  56  7:21  Probe (Chrono Boost)  
  58  7:27  Phoenix  
  58  7:29  Probe (Chrono Boost)  
  61  7:32  Probe (Chrono Boost)  
  61  7:33  Probe (Chrono Boost)  
  63  7:39  Probe (Chrono Boost)  
  63  7:40  Probe (Chrono Boost)  
  63  7:41  Probe (Chrono Boost)  
  66  7:44  Probe (Chrono Boost)  
  66  7:45  Assimilator  
  66  7:46  Probe x2  
  66  7:47  Assimilator  
  69  7:53  Pylon  
  69  7:55  Probe  
  70  7:58  Probe  
  70  7:59  Probe  
  70  8:02  Forge  
  70  8:03  Phoenix x2  
  76  8:07  Probe  
  76  8:11  Probe x2  
  76  8:12  Observer (Chrono Boost)  
  73  8:23  Probe x2  
  74  8:29  Probe  
  74  8:35  Probe x2, Protoss Air Weapons Level 1  
  73  8:49  Probe  
  73  8:50  Probe x2  
  73  8:51  Pylon  
  76  8:56  Pylon  
  76  9:02  Probe  
  77  9:05  Robotics Bay  
  77  9:06  Void Ray  
  77  9:07  Pylon  
  77  9:09  Probe, Void Ray  
  78  9:10  Pylon  
  78  9:12  Pylon x2  
  86  9:19  Photon Cannon  
  86  9:22  Immortal  
  90  9:58  Probe x3  
  93  10:07  Phoenix x2  
  93  10:09  Extended Thermal Lance  
  93  10:10  Probe x3, Colossus  
  106  10:22  Probe x2  
  108  10:29  Photon Cannon  
  108  10:32  Photon Cannon  
  108  10:40  Phoenix x2  
  108  10:42  Photon Cannon  
  112  10:43  Photon Cannon  
  112  10:46  Photon Cannon  
  112  10:53  Robotics Facility  
  112  10:54  Pylon  
  112  10:56  Pylon  
  112  10:58  Protoss Ground Weapons Level 1 (Chrono Boost)  
  112  11:04  Colossus  
  112  11:09  Probe  
  119  11:17  Photon Cannon  
  119  11:18  Photon Cannon  
  119  11:19  Shield Battery x2, Protoss Air Armor Level 1  
  119  11:20  Shield Battery  
  119  11:24  Photon Cannon  
  119  11:27  Pylon  
  119  11:41  Colossus  
  119  11:44  Phoenix  
  127  11:48  Phoenix  
  127  11:50  Probe  
  130  11:57  Colossus  
  130  11:59  Twilight Council  
  136  12:35  Colossus  
  142  12:42  Observer  
  142  12:50  Pylon  
  142  12:51  Colossus  
  142  12:52  Pylon  
  142  12:55  Pylon  
  148  13:00  Charge  
  148  13:03  Gateway  
  148  13:05  Gateway  
  148  13:07  Gateway  
  148  13:14  Protoss Ground Weapons Level 2 (Chrono Boost)  
  148  13:27  Fleet Beacon  
  148  13:28  Colossus  
  148  13:33  Gateway  
  154  13:35  Gateway  
  154  13:38  Phoenix x2  
  154  13:40  Gateway  
  158  13:41  Gateway  
  158  13:42  Gravitic Boosters  
  158  13:48  Immortal  
  161  14:13  Nexus  
  161  14:28  Warp Prism  
  163  14:40  Immortal  
  167  14:54  Nexus  
  167  14:56  Pylon  
  167  14:58  Pylon  
  167  15:04  Immortal  
  171  15:13  Pylon  
  171  15:15  Pylon  
  171  15:17  Pylon  
  171  15:19  Disruptor, Pylon  
  174  15:21  Pylon  
  174  15:23  Pylon  
  174  15:26  Pylon  
  174  15:29  Zealot x6  
  174  15:30  Zealot  
  174  15:33  Protoss Air Weapons Level 2  
  188  15:37  Gateway  
  188  15:40  Protoss Ground Armor Level 1  
  188  15:41  Pylon  
  188  15:45  Observer  
  189  15:51  Photon Cannon  
  189  15:53  Photon Cannon  
  189  15:54  Photon Cannon  
  189  15:56  Photon Cannon x2  
  189  15:59  Photon Cannon  
  189  16:00  Shield Battery  
  189  16:02  Shield Battery  
  189  16:03  Shield Battery  
  189  16:05  Shield Battery  
  189  16:19  Disruptor x2  
  163  16:55  Immortal  
  163  16:56  Immortal  
  158  17:07  Zealot x5  
  158  17:08  Zealot x5  
  166  17:31  Zealot  
  166  17:32  Zealot x6  
  166  17:33  Zealot x3  
  176  17:45  Immortal x2  
  154  18:15  Zealot x5  
  154  18:16  Zealot x5  
  159  18:50  Void Ray x2  
  167  19:09  Immortal x2  
  167  19:26  Protoss Ground Weapons Level 3  
  167  19:27  Void Ray  
  167  19:34  Assimilator  
  171  19:48  Immortal x2  
  173  20:27  Immortal  
  155  20:40  Immortal  
  101  21:03  Templar Archives, Assimilator  
  97  21:06  Immortal  
  97  21:19  Immortal  
  101  21:46  Immortal  
  97  21:54  Void Ray x2  
  97  21:58  Immortal  
Tags
 
Add a new tag
Caveats
  • Supply blocks, unpowered buildings, or Contaminate may cause inaccurate times.
  • Supply counts are checked every 10 seconds.